 Dungeon Crawl Stone Soup version 0.22-a0-515-g75794bf (webtiles) character file.

9028 inc the Blocker (level 11, -3/67 HPs)
             Began as a Formicid Fighter on June 19, 2018.
             Was a Priest of Hepliaklqana.
             Slain by an orc warrior
             ... wielding a +0 glaive
              (4 damage)
             ... on level 10 of the Dungeon.
             The game lasted 00:17:45 (8833 turns).

inc the Blocker (Formicid Fighter)                  Turns: 8833, Time: 00:17:47

Health: -3/67      AC: 10    Str: 17 (20) XL:     11   Next: 66%
Magic:  7/11       EV: 12    Int: 10 (12) God:    Hepliaklqana [***...]
Gold:   454        SH: 13    Dex: 12 (15) Spells: 10/10 levels left

rFire    + . .     SeeInvis +   a - +0 quarterstaff
rCold    + . .     Gourm    .   c - +0 shield
rNeg     . . .     Faith    .   w - +0 chain mail
rPois    +         Spirit   .   (helmet unavailable)
rElec    +         Reflect  .   (no cloak)
rCorr    +         Harm     .   (no gloves)
MR       +....                  j - +0 pair of boots
Stlth    ..........             (no amulet)
HPRegen  0.21/turn              (no ring)
MPRegen  0.12/turn              (no ring)

@: agile, resistant, drained
A: permanent stasis, dig shafts and tunnels, four strong arms, reduced essence,
antennae 3
a: Dig, Shaft Self, Recall Ancestor, Ancestor Identity, Transference, Renounce
Religion


You were on level 10 of the Dungeon.
You worshipped Hepliaklqana.
Hepliaklqana was most pleased with you.
You were hungry.

You visited 1 branch of the dungeon, and saw 9 of its levels.

You collected 454 gold pieces.

Inventory:

Hand Weapons
 a - a +0 quarterstaff (weapon)
Armour
 b - a +0 scale mail
 c - a +0 shield (worn)
 j - a +0 pair of boots (worn)
 m - a +0 chain mail
 w - a +0 chain mail (worn)
Jewellery
 i - an uncursed amulet of guardian spirit {unknown}
 q - an uncursed ring of magical power {unknown}
 r - an uncursed amulet of magic regeneration {unknown}
 t - a +1 ring of evasion {unknown}
 v - an uncursed amulet of regeneration {unknown}
 I - an uncursed amulet of magic regeneration {unknown}
Wands
 l - a wand of iceblast (13)
 J - a wand of flame (5)
Scrolls
 e - 2 scrolls of random uselessness {unknown}
 h - 7 scrolls of identify
 o - 4 scrolls of teleportation {unknown}
 p - 2 scrolls of enchant armour {unknown}
 u - 3 scrolls of immolation {unknown}
 x - 4 scrolls of enchant weapon {unknown}
 y - 4 scrolls of blinking {unknown}
Potions
 g - 2 potions of flight
 G - 2 potions of degeneration
 H - 2 potions of haste
Comestibles
 f - 11 rations


   Skills:
 - Level 3.2(3.0) Fighting
 - Level 12.4(12.2) Staves
 - Level 3.2(3.0) Armour
 - Level 14.7(14.4) Shields
 + Level 0.0 Invocations


You had 10 spell levels left.
You didn't know any spells.
Your spell library contained the following spells:

 Spells                   Type           Power        Failure   Level  Hunger
 Statue Form              Tmut/Erth      #........    100%        6    #######
 Dragon Form              Tmut           #.........   100%        7    #######
 Hydra Form               Tmut           #.........   100%        6    #######
 Irradiate                Conj/Tmut      #.........   100%        5    ######.


Dungeon Overview and Level Annotations

Branches:
Dungeon (8/15)             Temple (0/1) D:5             Orc (0/2) D:10
   Lair: D:8-11

Altars:
Dithmenos
Elyvilon
Fedhas
Hepliaklqana
Okawaru
Qazlal
Ru
Sif Muna
Zin
The Shining One


Innate Abilities, Weirdness & Mutations

You cannot be hasted, slowed, berserked, paralysed or teleported.
You can dig through walls and to a lower floor.
Your four strong arms can wield two-handed weapons with a shield.
You have a pair of large antennae on your head. (SInv)
Your life essence is reduced to manifest your ancestor. (-10% HP)


Message History

You block the orc warrior's attack.
You sock the yak!
The yak is moderately wounded.
The yak closely misses you.
You hit the yak but do no damage.
The yak is moderately wounded.
You block the orc warrior's attack. The yak gores you but does no damage.
You sock the yak!
The yak is heavily wounded.
Unknown command.
Are you sure you want to shaft yourself?
You are feeling hungry.
You feel a little less clever now. You block the yak's attack.
The orc warrior hits you from afar with a glaive.
* * * LOW HITPOINT WARNING * * *
You begin to dig a shaft.
You continue digging a shaft.
The yak barely misses you.
The orc warrior hits you from afar with a glaive.
You die...

...#.....8....
#.#..........
#............
#..8....>....
#oooo.......
#YHo....Y..
#ooY{.8.Y..
##Y##..Y%.##
#@##{##.###
### .# # {


You could see a hippogriff, 3 yaks, 2 orc warriors and 4 orcs.

Vanquished Creatures
  A two-headed ogre (D:7)
  Pikel (D:7)
  2 hell hounds (D:8)
  A water moccasin (D:6)
  2 ice beasts
  An eye of draining (D:8)
  2 phantoms (D:5)
  A sky beast (D:7)
  2 centaurs (D:5)
  An ogre (D:5)
  A big kobold (D:7)
  3 bullfrogs
  Blork the orc (D:6)
  A gnoll sergeant (D:6)
  4 scorpions
  8 wights
  A howler monkey (D:5)
  A bullfrog zombie (D:5)
  A crimson imp (D:5)
  A jelly (D:6)
  3 orc priests
  2 hounds
  5 orc wizards
  4 worker ants
  Natasha (thrice) (D:4 D:6)
  2 iguanas
  A hound zombie (D:6)
  Robin (D:3)
  3 gnolls
  12 adders
  An ooze (D:7)
  An adder skeleton (D:5)
  4 worms
  A dart slug (D:2)
  4 leopard geckos
  19 orcs
  2 ball pythons
  5 giant cockroaches
  11 hobgoblins
  15 jackals
  6 quokkas
  A ball python zombie (D:5)
  3 bats
  A frilled lizard (D:1)
  A giant cockroach zombie (D:5)
  16 goblins
  A jackal skeleton (D:8)
  13 kobolds
  7 rats
184 creatures vanquished.

Vanquished Creatures (collateral kills)
  Grinder (D:3)
  Edmund (D:4)
  A sky beast (D:6)
  A wight (D:6)
  A howler monkey (D:6)
  A crimson imp (D:7)
  A hound (D:4)
  A bullfrog skeleton (D:5)
  An orc wizard (D:7)
  A worker ant (D:4)
  A killer bee zombie (D:3)
  A hound skeleton (D:5)
  A gnoll (D:6)
  A shadow imp (D:5)
  4 leopard geckos
  4 orcs
  A giant cockroach (D:5)
  3 goblins
  A jackal (D:5)
  A ball python (D:3)
  3 bats (D:3)
  3 kobolds (D:7)
  2 leopard gecko skeletons
36 creatures vanquished.

Vanquished Creatures (others)
  A hippogriff (D:7)
  A slave (D:7)
  4 hexers
  2 ancestors
8 creatures vanquished.

Grand Total: 228 creatures vanquished

Notes
Turn   | Place    | Note
-------+----------+-------------------------------------------
     0 | D:1      | inc the Formicid Fighter began the quest for the Orb.
     0 | D:1      | Reached XP level 1. HP: 18/18 MP: 1/1
    34 | D:1      | Reached XP level 2. HP: 16/24 MP: 2/2
    36 | D:1      | Reached skill level 4 in Shields
   438 | D:1      | Reached XP level 3. HP: 29/29 MP: 3/3
  1013 | D:2      | Reached XP level 4. HP: 35/35 MP: 4/4
  1076 | D:2      | Found a glowing golden altar of the Shining One.
  1136 | D:2      | Found a blossoming altar of Fedhas.
  1136 | D:2      | Found a faded altar of an unknown god.
  1141 | D:2      | Found a white marble altar of Elyvilon.
  1143 | D:2      | Found a shadowy altar of Dithmenos.
  1144 | D:2      | Found a deep blue altar of Sif Muna.
  1210 | D:2      | Reached skill level 5 in Shields
  1297 | D:2      | Found a faded altar of an unknown god.
  1409 | D:2      | Became a worshipper of Hepliaklqana the Forgotten
  1409 | D:2      | Reached * piety under Hepliaklqana
  1560 | D:2      | Found a glowing silver altar of Zin.
  1562 | D:2      | Found a sacrificial altar of Ru.
  1574 | D:2      | Reached XP level 5. HP: 23/36 MP: 5/5
  2006 | D:2      | You fall through a shaft for 2 floors!
  2139 | D:4      | Found a stormy altar of Qazlal.
  2378 | D:3      | Noticed Robin
  2398 | D:3      | Killed Robin
  2404 | D:3      | Reached XP level 6. HP: 38/42 MP: 6/6
  2461 | D:3      | Reached skill level 6 in Shields
  2650 | D:3      | Reached ** piety under Hepliaklqana
  2691 | D:3      | Remembered your ancestor Belessunu as a hexer
  2860 | D:3      | Noticed Grinder
  2877 | D:3      | Killed Grinder
  2877 | D:3      | Reached skill level 5 in Staves
  2877 | D:3      | Reached skill level 7 in Shields
  2877 | D:3      | Reached XP level 7. HP: 18/46 MP: 7/7
  4298 | D:4      | Noticed Edmund
  4318 | D:4      | Killed Edmund
  4363 | D:4      | Noticed Natasha
  4377 | D:4      | Killed Natasha
  4377 | D:4      | Reached XP level 8. HP: 30/52 MP: 8/8
  4411 | D:5      | Entered Level 5 of the Dungeon
  4517 | D:5      | Reached skill level 8 in Shields
  4720 | D:5      | Found a staircase to the Ecumenical Temple.
  4756 | D:5      | Reached skill level 9 in Shields
  5116 | D:6      | Reached XP level 9. HP: 56/57 MP: 9/9
  5123 | D:6      | Noticed Blork the orc
  5145 | D:6      | Killed Blork the orc
  5412 | D:6      | Noticed Natasha
  5419 | D:6      | Killed Natasha
  5447 | D:6      | Reached skill level 10 in Shields
  5499 | D:6      | Noticed Natasha
  5510 | D:6      | Killed Natasha
  5683 | D:6      | Found a sacrificial altar of Ru.
  5892 | D:6      | Reached *** piety under Hepliaklqana
  6329 | D:6      | Reached skill level 11 in Shields
  6330 | D:6      | Found a glowing golden altar of the Shining One.
  7374 | D:7      | Reached XP level 10. HP: 49/63 MP: 10/10
  7702 | D:7      | Noticed Pikel
  7715 | D:7      | Killed Pikel
  7715 | D:7      | Reached skill level 10 in Staves
  7715 | D:7      | Reached skill level 12 in Shields
  8093 | D:7      | Found an iron altar of Okawaru.
  8094 | D:7      | Noticed a two-headed ogre
  8162 | D:7      | Killed a two-headed ogre
  8766 | D:8      | Reached skill level 14 in Shields
  8766 | D:8      | Reached XP level 11. HP: 12/67 MP: 11/11
  8811 | D:8      | You fall through a shaft for 2 floors!
  8811 | D:10     | Entered Level 10 of the Dungeon
  8811 | D:10     | Found a staircase to the Orcish Mines.
  8811 | D:10     | Reached **** piety under Hepliaklqana
  8826 | D:10     | HP: 2/67 [yak (10)]
  8832 | D:10     | HP: 1/67 [orc warrior/glaive (2)]
  8833 | D:10     | Slain by an orc warrior

Vault maps used:
D:1:      enne_arrival_octagon_isle
D:2:      chequers_temple_overflow_minitemple,
          chequers_temple_overflow_statue_of_worship,
          chequers_ecumenical_altar_island, tso_metal_star
D:3:      first_ration, minmay_unequal, uniq_grinder, uniq_robin
D:4:      grunt_qazlal_sundering, kennysheep_generic_room_15, uniq_edmund,
          uniq_natasha
D:5:      kennysheep_spiral_hall, minmay_temple_entry_statues_fountains
D:6:      marbit_many_paths, minivault_1, nicolae_ru_great_annihilating_truth,
          uniq_blork_the_orc
D:7:      nicolae_overflow_crystal_walls, uniq_pikel
D:8:      gammafunk_wand_slinger, minmay_lair_entry_lava, serial_shops, shop
D:10:     david_orc_2, grunt_livestock, minmay_misc_feat_encased,
          hangedman_abyss_or_decor_stabs

Skill      XL: |  1  2  3  4  5  6  7  8  9 10 |
---------------+-------------------------------+-----
Shields        | 4 5 7 9 11 14 | 14.7
Staves         | 3 4 5 6 7 9 12 | 12.4
Fighting       | |  3.2
Armour         | |  3.2

Action                   |  1- 3 |  4- 6 |  7- 9 | 10-12 || total
-------------------------+-------+-------+-------+-------++-------
Melee: Quarterstaff      |   110 |   227 |   427 |   146 ||   910
Invok: Recall Ancestor   |       |     1 |       |     1 ||     2
       Ancestor Life: He |       |     1 |       |       ||     1
       Idealise          |       |       |       |     1 ||     1
 Abil: Dig               |       |     1 |     3 |     3 ||     7
       Shaft Self        |       |       |       |     2 ||     2
  Use: Potion            |       |       |       |    12 ||    12
       Scroll            |       |       |       |     4 ||     4
 Stab: Confused          |       |       |     1 |       ||     1
       Distracted        |       |       |     4 |     1 ||     5
       Paralysed         |       |       |     1 |       ||     1
  Eat: Chunk             |       |     6 |    12 |     2 ||    20
       Ration            |       |       |     1 |     1 ||     2
Armor: Scale mail        |    42 |    25 |       |       ||    67
       Chain mail        |       |    59 |   119 |    41 ||   219
       Skin              |       |       |       |    28 ||    28
Dodge: Dodged            |    34 |    46 |    83 |    27 ||   190
Block: Shield            |    50 |    80 |   212 |   105 ||   447

Table legend:
 A = Spawn XP
 B = Non-spawn XP
 C = Spawn XP percentage of total XP
 D = Spawn monster count
 E = Non-spawn monster count
 F = Spawn count percentage of total count
 G = Total turns spent on level
                    A         B        C        D         E        F      G
               +---------+---------+-------+---------+---------+-------+---------
         Total |       0 |    6661 |   0.0 |       0 |     220 |   0.0 |  8833
               +---------+---------+-------+---------+---------+-------+---------
           D:1 |       0 |      64 |   0.0 |       0 |      29 |   0.0 |   995
           D:2 |       0 |      88 |   0.0 |       0 |      22 |   0.0 |  1438
           D:3 |       0 |     524 |   0.0 |       0 |      51 |   0.0 |  1352
           D:4 |       0 |     337 |   0.0 |       0 |      13 |   0.0 |   846
           D:5 |       0 |    1131 |   0.0 |       0 |      28 |   0.0 |  1029
           D:6 |       0 |    1665 |   0.0 |       0 |      41 |   0.0 |  1635
           D:7 |       0 |    2318 |   0.0 |       0 |      24 |   0.0 |  1372
           D:8 |       0 |     531 |   0.0 |       0 |      11 |   0.0 |   144
          D:10 |       0 |       3 |   0.0 |       0 |       1 |   0.0 |    22
               +---------+---------+-------+---------+---------+-------+---------
